 Dungeon Crawl Stone Soup version 0.18.1-48-g4cf74bf (webtiles) character file.

620 dvd the Twirler (level 7, -2/41 HPs)
             Began as a Gargoyle Gladiator on Aug 13, 2016.
             Was a Believer of Makhleb.
             Slain by a troll (3 damage)
             ... on level 5 of the Dungeon.
             The game lasted 00:11:01 (3452 turns).

dvd the Twirler (Gargoyle Gladiator)                Turns: 3452, Time: 00:11:01

Health: -2/41      AC: 12    Str: 17 (18) XL:     7   Next: 46%
Magic:  7/7        EV: 13    Int:  9      God:    Makhleb [**....]
Gold:   140        SH:  0    Dex: 11 (12) Spells: 0 memorised, 6 levels left

rFire  . . .     SeeInvis .     a - +0 quarterstaff
rCold  . . .     Gourm    .     r - +0 scale mail
rNeg   + . .     Faith    .     (shield currently unavailable)
rPois  ∞         Spirit   .     c - +0 helmet
rElec  +         Dismiss  .     (no cloak)
rCorr  .         Reflect  .     (no gloves)
SustAt +         Harm     .     (no boots)
MR     .....                    (no amulet)
Stlth  ..........               D - +2 ring of evasion
                                E - ring of sustain attributes

@: not resistant to hostile enchantments, extremely unstealthy
A: negative energy resistance 1, electricity resistance, unbreathing,
petrification resistance, rot immunity, AC +4
a: Minor Destruction, Renounce Religion


You were on level 5 of the Dungeon.
You worshipped Makhleb.
Makhleb was pleased with you.
You were very hungry.

You visited 1 branch of the dungeon, and saw 5 of its levels.

You collected 140 gold pieces.

Inventory:

Hand Weapons
 a - a +0 quarterstaff (weapon)
 q - a +0 war axe
 w - a +0 quarterstaff of pain
 z - a +0 trident
 C - a +2 mace of holy wrath
Missiles
 d - 3 throwing nets
 t - 3 tomahawks (quivered)
 u - 8 javelins
Armour
 c - a +0 helmet (worn)
 j - a +0 chain mail
 m - a +0 ring mail
 r - a +0 scale mail (worn)
Jewellery
 p - an uncursed ring of flight
 D - a +2 ring of evasion (right hand)
 E - a ring of sustain attributes (left hand)
Scrolls
 e - a scroll of magic mapping
 h - 7 scrolls of identify
 n - a scroll of teleportation {unknown}
 o - a scroll of enchant armour {unknown}
 v - a scroll of blinking {unknown}
 y - a scroll of amnesia {unknown}
Potions
 x - a potion of curing {unknown}
 A - a potion of magic {unknown}
 B - a potion of flight
Comestibles
 f - 6 bread rations
 g - 3 fruits
 i - a slice of pizza
 s - 4 meat rations


   Skills:
 + Level 3.3 Fighting
 + Level 5.5 Staves
 + Level 2.1 Throwing
 + Level 3.5 Armour
 + Level 4.2 Dodging
 + Level 0.8 Stealth
 + Level 0.4 Invocations


You had 6 spell levels left.
You didn't know any spells.

Dungeon Overview and Level Annotations

Branches:
Dungeon (5/15)
 Temple: D:4-7

Altars:
Fedhas
Gozag
Makhleb
Nemelex Xobeh
Trog
Vehumet
Xom
The Shining One


Innate Abilities, Weirdness & Mutations

You are resistant to torment.
Your stone body is resilient (AC +4).
You are immune to poison.
You resist negative energy.
You are resistant to electric shocks.
You can survive without breathing.
You are immune to petrification.
You are immune to rotting.


Message History

You hit the troll.
The troll is heavily wounded.
The troll bites you! The troll closely misses you. x2
You completely miss the troll.
The troll is heavily wounded.
The troll bites you!
* * * LOW HITPOINT WARNING * * *
The troll claws you.
* * * LOW HITPOINT WARNING * * *
The troll closely misses you.
Drink which item? (? for menu, Esc to quit)
It was a potion of degeneration.
There was something very wrong with that liquid.
You feel somewhat weakened.
You feel dopey for a moment.
You feel somewhat clumsy. The troll bites you.
* * * LOW HITPOINT WARNING * * *
The troll misses you. The troll claws you.
You die...

[...........# ###.......#
........##### ..........##
...####..# ........>..# ...#
##.# ...........# ...#
#.##########..........# ...#
#.........##..........# ...#
#.........##..........# ...###
#.........#..........##
#....###.......T@#.#........##
#..#.#...........#...........#
##.....##.########...........#
##.........#...##............#
###.##............#..........#
.............................#
..................##.....(..##
..................##.(.......#
..#.#................######..#


You could see a troll.

Vanquished Creatures
  An ice beast (D:5)
  An ogre (D:4)
  A scorpion (D:4)
  A hound (D:4)
  A jelly (D:5)
  An orc priest (D:3)
  4 orc wizards
  2 worker ants
  3 adders
  An ooze (D:3)
  3 worms
  2 dart slugs (D:1)
  18 orcs
  7 bats
  8 giant cockroaches
  6 hobgoblins
  4 jackals
  2 quokkas
  A ball python (D:1)
  2 giant gecko skeletons (D:4)
  9 giant newts
  6 goblins
  8 kobolds
  10 rats
102 creatures vanquished.

Vanquished Creatures (others)
  A rat (D:2)
1 creature vanquished.

Grand Total: 103 creatures vanquished

Notes
Turn   | Place    | Note
--------------------------------------------------------------
     0 | D:1      | dvd the Gargoyle Gladiator began the quest for the Orb.
     0 | D:1      | Reached XP level 1. HP: 12/12 MP: 1/1
    92 | D:1      | Reached XP level 2. HP: 17/18 MP: 2/2
   780 | D:2      | Found a glowing golden altar of the Shining One.
   809 | D:2      | Reached XP level 3. HP: 22/22 MP: 3/3
   894 | D:2      | Found a radiant altar of Vehumet.
   952 | D:2      | Found an opulent altar of Gozag.
  1287 | D:2      | Found a shimmering altar of Xom.
  1289 | D:2      | Found a sparkling altar of Nemelex Xobeh.
  1290 | D:2      | Found a blossoming altar of Fedhas.
  1371 | D:3      | Reached skill level 1 in Armour
  1371 | D:3      | Reached XP level 4. HP: 20/27 MP: 4/4
  1447 | D:3      | Reached skill level 4 in Staves
  1503 | D:3      | Found a faded altar to an unknown god.
  1524 | D:3      | Reached XP level 5. HP: 30/31 MP: 5/5
  1544 | D:3      | Became a worshipper of Makhleb the Destroyer
  1544 | D:3      | Reached * piety under Makhleb
  2274 | D:4      | Reached ** piety under Makhleb
  2301 | D:4      | Reached XP level 6. HP: 26/36 MP: 6/6
  2391 | D:4      | Reached skill level 5 in Staves
  2779 | D:4      | Reached XP level 7. HP: 28/41 MP: 7/7
  2865 | D:4      | Found a bloodstained altar of Trog.
  2947 | D:5      | Entered Level 5 of the Dungeon
  3178 | D:5      | Noticed a troll
  3451 | D:5      | HP: 2/41 [troll (12)]
  3452 | D:5      | Slain by a troll

Skill      XL: |  1  2  3  4  5  6  7 |
---------------+----------------------+-----
Throwing       | 2 |  2.1
Armour         | 1 2 3 |  3.5
Dodging        | 3 4 |  4.2
Staves         | 4 5 |  5.5
Fighting       | 3 |  3.3
Stealth        | |  0.8
Invocations    | |  0.4

Action                   |  1- 3 |  4- 6 |  7- 9 || total
-------------------------+-------+-------+-------++-------
Melee: Quarterstaff      |   115 |   200 |    60 ||   375
Throw: Tomahawk          |       |     2 |     2 ||     4
Invok: Minor Destruction |       |       |    14 ||    14
  Use: Scroll            |       |       |     5 ||     5
       Potion            |       |       |     1 ||     1
  Eat: Chunk             |     2 |     4 |     2 ||     8
Armor: Leather armour    |    21 |       |       ||    21
       Ring mail         |     8 |     7 |       ||    15
       Scale mail        |       |   113 |    26 ||   139
Dodge: Dodged            |    86 |   137 |    45 ||   268
